 Dungeon Crawl Stone Soup version 0.13-a0-3016-gcb2faac (webtiles) character file.

2365 PolkaDot the Tainter (level 9, -9/57 HPs)
             Began as a Vampire Venom Mage on Sept 10, 2013.
             Was a Believer of Vehumet.
             Mangled by a gnoll
             ... wielding a +0,+0 halberd
              (12 damage)
             ... on Level 6 of the Dungeon on Sept 11, 2013.
             The game lasted 00:40:35 (9489 turns).

PolkaDot the Tainter (Vampire Venom Mage)           Turns: 9489, Time: 00:40:35

HP  -9/57        AC  5     Str  7      XL: 9   Next:  7%
MP   1/21        EV 12     Int 20      God: Vehumet [**....]
Gold 268         SH  0     Dex 14      Spells:  6 memorised,  6 levels left

Res.Fire  : + . .   See Invis. : +   a - +2 sabre
Res.Cold  : + . .   Warding    : .   h - +0 robe
Life Prot.: + + +   Conserve   : .   (no shield)
Res.Poison: +       Res.Corr.  : .   (no helmet)
Res.Elec. : .       Clarity    : .   i - +2 elf cloak
Sust.Abil.: . .     Spirit.Shd : .   (no gloves)
Res.Mut.  : .       Stasis     : .   (no boots)
Res.Rott. : +       Flight     : .   (no amulet)
Saprovore : . . .                    (no ring)
                                     k - ring of fire

@: regenerating slowly, somewhat resistant to hostile enchantments, quite
stealthy
A: bottle blood, fangs 3, see invisible, unbreathing
a: Bat Form, Bottle Blood, Renounce Religion


You were on level 6 of the Dungeon.
You worshipped Vehumet.
Vehumet was most pleased with you.
You were near bloodless.

You visited 2 branches of the dungeon, and saw 7 of its levels.

You collected 248 gold pieces.

Inventory:

Hand weapons
 a - a +2,+2 sabre (weapon)
 u - a +1,+0 orcish mace of crushing
Armour
 h - a +0 robe (worn)
 i - a +2 elven cloak (worn)
Magical devices
 j - a wand of flame (2)
 s - a wand of invisibility (4) {unknown}
Scrolls
 c - a scroll of immolation {unknown}
 l - a scroll of teleportation
 o - a scroll of fog {unknown}
 q - a scroll of curse armour {unknown}
 r - a scroll of remove curse
 t - a scroll of identify
Jewellery
 d - a cursed ring of teleportation
 k - a ring of fire (left hand)
Potions
 e - a potion of invisibility
 f - a potion of restore abilities
 g - 3 potions of heal wounds
 m - a potion of curing
 n - 2 potions of brilliance
 p - a potion of confusion
 v - a potion of speed {unknown}
Books
 b - a Young Poisoner's Handbook

   Spells                             Type                      Level
   *Sting                             Conjuration/Poison           1
   *Cure Poison                       Poison                       2
   *Mephitic Cloud                    Conjuration/Poison/Air       3
   *Olgreb's Toxic Radiance           Poison                       4
   Venom Bolt                         Conjuration/Poison           5


   Skills:
 - Level 2.1 Dodging
 - Level 3.0 Stealth
 - Level 5.0 Spellcasting
 * Level 3.8 Conjurations
 + Level 3.5 Air Magic
 + Level 8.4 Poison Magic


You had 6 spell levels left.
You knew the following spells:

 Your Spells              Type           Power        Failure   Level  Hunger
a - Sting                 Conj/Pois      ####         1%          1    None
d - Mephitic Cloud        Conj/Pois/Air  ####....     4%          3    ##.....
q - Cure Poison           Pois           #####.....   1%          2    None
s - Olgreb's Toxic Radia  Pois           #####...     4%          4    ####...
x - Magic Dart            Conj           ###.         2%          1    None
z - Shock                 Conj/Air       ###.         2%          1    None


Dungeon Overview and Level Annotations

Branches:
Dungeon (6/27)             Temple (1/1) D:4
    Orc: D:6-11

Altars:
Cheibriados
Fedhas
Kikubaaqudgha
Makhleb
Nemelex Xobeh
Okawaru
Sif Muna
Trog
Vehumet
Xom
Yredelemnul
the Shining One
Lugonu


Innate Abilities, Weirdness & Mutations

You heal slowly.
You can bottle blood from corpses.
You have razor-sharp teeth.*
You have supernaturally acute eyesight.
You can survive without breathing.*


Message History

a spear; a scale mail; a gnoll corpse You barely miss the gnoll.
Your bite misses the gnoll.
The gnoll is severely wounded.
The gnoll closely misses you.
You barely miss the gnoll.
The gnoll is severely wounded.
The gnoll hits you with a halberd!
You barely miss the gnoll.
The gnoll is almost dead.
The gnoll hits you with a halberd!
* * * LOW HITPOINT WARNING * * *
You are too injured to fight recklessly!
You are too injured to fight recklessly!
You closely miss the gnoll.
The gnoll is almost dead.
The gnoll barely misses you.
You hit the gnoll but do no damage. Your bite misses the gnoll.
The gnoll is almost dead.
The gnoll hits you with a halberd!
You die...

..###########.####......
........................
..###.........####...... #
#.<................. . #.
#.........####...... ..#.###
#.........# #.##.#.
....(..#####%#.....####.##.#.
..............g...............
#
.............@.##.#.####.##.#.
.. .........####.%##.#.#
#.##.#. .. ###.....)# #..#
.#.# #.##.#. ..#####.###.#
...# .# . #.#.
.........##.##....# .# #.#.
...#####.....#....# . ....
...?.........#..... ....
...#####.....#....# ... ...
.........# ...# ....


You could see a gnoll.

Vanquished Creatures
  Pikel (D:4)
  Menkaure (D:4)
  An orc warrior (D:6)
  4 ogres
  4 slaves (D:4)
  A giant frog (D:5)
  A gnoll sergeant (D:6)
  A goliath beetle (D:5)
  5 crimson imps (D:5)
  3 hounds
  An iguana (D:5)
  5 orc wizards
  3 scorpions (D:4)
  7 worker ants (D:4)
  An ogre skeleton (D:6)
  A hound skeleton (D:4)
  4 gnolls
  6 adders
  4 worms
  2 giant mites
  An iguana skeleton (D:4)
  A giant eyeball (D:6)
  5 giant geckos
  2 oozes
  12 orcs
  A ball python (D:3)
  14 bats
  A bat skeleton (D:4)
  4 giant cockroaches
  15 hobgoblins
  10 jackals
  10 kobolds
  A giant cockroach zombie (D:5)
  3 giant newts
  A giant spore (D:6)
  9 goblins
  A kobold skeleton (D:6)
  2 orc skeletons
  11 rats
  2 ballistomycetes (D:6)
162 creatures vanquished.

Vanquished Creatures (others)
  A big fish (D:6)
1 creature vanquished.

Grand Total: 163 creatures vanquished

Notes
Turn   | Place    | Note
--------------------------------------------------------------
     0 | D:1      | PolkaDot, the Vampire Venom Mage, began the quest for the Orb.
     0 | D:1      | Reached XP level 1. HP: 13/13 MP: 4/4
   226 | D:1      | Reached XP level 2. HP: 19/19 MP: 3/5
   311 | D:1      | Learned a level 2 spell: Cure Poison
   690 | D:1      | Reached skill level 4 in Poison Magic
  1248 | D:2      | Found a basalt altar of Yredelemnul.
  1250 | D:2      | Noticed a profane servitor
  1268 | D:2      | Found a glowing golden altar of the Shining One.
  1269 | D:2      | Noticed an angel
  1327 | D:2      | Reached XP level 3. HP: 21/24 MP: 4/7
  1837 | D:2      | Reached XP level 4. HP: 30/30 MP: 7/9
  2068 | D:3      | Learned a level 4 spell: Olgreb's Toxic Radiance
  2380 | D:3      | Reached skill level 5 in Poison Magic
  2762 | D:3      | Reached XP level 5. HP: 35/35 MP: 11/11
  3395 | D:4      | Noticed Menkaure
  3401 | D:4      | Learned a level 3 spell: Mephitic Cloud
  3447 | D:4      | Noticed an ogre
  3488 | D:4      | Killed an ogre
  3488 | D:4      | Reached skill level 6 in Poison Magic
  3488 | D:4      | Reached XP level 6. HP: 19/41 MP: 6/13
  3951 | D:4      | Noticed a slave
  3954 | D:4      | Noticed a slave
  3980 | D:4      | Killed a slave
  4053 | D:4      | Noticed Pikel
  4054 | D:4      | Noticed a slave
  4054 | D:4      | Noticed an ogre
  4056 | D:4      | Noticed a slave
  4074 | D:4      | Killed a slave
  4082 | D:4      | Killed a slave
  4085 | D:4      | Killed Pikel
  4085 | D:4      | Reached skill level 7 in Poison Magic
  4085 | D:4      | Reached XP level 7. HP: 46/46 MP: 5/17
  4092 | D:4      | Killed a freed slave
  4225 | D:4      | Killed an ogre
  4278 | D:4      | Found a sparkling altar of Nemelex Xobeh.
  5917 | D:4      | Found a staircase to the Ecumenical Temple.
  5927 | Temple   | Entered the Ecumenical Temple
  5974 | Temple   | Became a worshipper of Vehumet
  6182 | D:4      | Reached XP level 8. HP: 30/52 MP: 12/19
  6184 | D:4      | Reached skill level 1 in Conjurations
  6336 | D:4      | Reached skill level 1 in Air Magic
  7288 | D:4      | Killed Menkaure
  7288 | D:4      | Reached skill level 5 in Spellcasting
  7414 | D:5      | Entered Level 5 of the Dungeon
  7418 | D:5      | Acquired Vehumet's first power
  7418 | D:5      | Offered knowledge of Magic Dart by Vehumet.
  7474 | D:5      | Reached skill level 8 in Poison Magic
  7563 | D:5      | Learned a level 1 spell: Magic Dart
  8696 | D:5      | Found a snail-covered altar of Cheibriados.
  8890 | D:5      | Found a shimmering altar of Xom.
  8890 | D:5      | Found a burning altar of Makhleb.
  9335 | D:6      | Paralysed by a giant eyeball for 2 turns
  9346 | D:6      | Paralysed by a giant eyeball for 3 turns
  9372 | D:6      | Reached XP level 9. HP: 47/57 MP: 4/21
  9421 | D:6      | Offered knowledge of Shock by Vehumet.
  9424 | D:6      | Learned a level 1 spell: Shock
  9489 | D:6      | Mangled by a gnoll

Action                   |  1- 3 |  4- 6 |  7- 9 || total
-------------------------+-------+-------+-------++-------
Melee: Unarmed           |    82 |     8 |       ||    90
       Short sword       |       |    27 |       ||    27
       Sabre             |       |       |   145 ||   145
 Cast: Sting             |    57 |    99 |   167 ||   323
       Olgreb's Toxic Ra |       |     4 |    17 ||    21
       Cure Poison       |       |     1 |     8 ||     9
       Magic Dart        |       |       |    44 ||    44
       Mephitic Cloud    |       |       |     3 ||     3
Evoke: Wand              |       |       |     5 ||     5
  Use: Scroll            |     6 |     2 |     2 ||    10
       Potion            |     4 |       |       ||     4
 Stab: Sleeping          |       |     4 |     2 ||     6
       Confused          |       |       |     1 ||     1
       Invisible         |       |       |     1 ||     1
